%YAML 1.1
%TAG !u! tag:unity3d.com,2011:
--- !u!243 &-3893004189962317106
AudioMixerGroupController:
  m_ObjectHideFlags: 0
  m_CorrespondingSourceObject: {fileID: 0}
  m_PrefabInstance: {fileID: 0}
  m_PrefabAsset: {fileID: 0}
  m_Name: Sound
  m_AudioMixer: {fileID: 24100000}
  m_GroupID: 6cd2cca4830e4bf4bbf6cd27fc0e5a63
  m_Children: []
  m_Volume: 93b6e9ca03276dd4f801b6b23dfa4074
  m_Pitch: 4e293f8296948544c98ac20723a9b29a
  m_Send: 00000000000000000000000000000000
  m_Effects:
  - {fileID: -522298291543202349}
  m_UserColorIndex: 0
  m_Mute: 0
  m_Solo: 0
  m_BypassEffects: 0
--- !u!244 &-3037535303546567240
AudioMixerEffectController:
  m_ObjectHideFlags: 3
  m_CorrespondingSourceObject: {fileID: 0}
  m_PrefabInstance: {fileID: 0}
  m_PrefabAsset: {fileID: 0}
  m_Name: 
  m_EffectID: b6021093babf7f9449f10af495f3e338
  m_EffectName: Attenuation
  m_MixLevel: 1e6900e0a6960fe408b4c0866bb2b928
  m_Parameters: []
  m_SendTarget: {fileID: 0}
  m_EnableWetMix: 0
  m_Bypass: 0
--- !u!244 &-522298291543202349
AudioMixerEffectController:
  m_ObjectHideFlags: 3
  m_CorrespondingSourceObject: {fileID: 0}
  m_PrefabInstance: {fileID: 0}
  m_PrefabAsset: {fileID: 0}
  m_Name: 
  m_EffectID: 0f45e0f31970a994eac2a099c560bb5b
  m_EffectName: Attenuation
  m_MixLevel: fd9ad93c7f99bbc46810f99ac8dd2c5c
  m_Parameters: []
  m_SendTarget: {fileID: 0}
  m_EnableWetMix: 0
  m_Bypass: 0
--- !u!241 &24100000
AudioMixerController:
  m_ObjectHideFlags: 0
  m_CorrespondingSourceObject: {fileID: 0}
  m_PrefabInstance: {fileID: 0}
  m_PrefabAsset: {fileID: 0}
  m_Name: MainAudio
  m_OutputGroup: {fileID: 0}
  m_MasterGroup: {fileID: 24300002}
  m_Snapshots:
  - {fileID: 24500006}
  m_StartSnapshot: {fileID: 24500006}
  m_SuspendThreshold: -80
  m_EnableSuspend: 1
  m_UpdateMode: 0
  m_ExposedParameters:
  - guid: a6bb43ace33a8c046afcad7093066ce1
    name: Music
  - guid: 93b6e9ca03276dd4f801b6b23dfa4074
    name: Sound
  m_AudioMixerGroupViews:
  - guids:
    - d70ba83cc23bd1e45b7833717a9a76f1
    - e3d4427e38a10e94d8efffd57c7c87b8
    - 6cd2cca4830e4bf4bbf6cd27fc0e5a63
    name: View
  m_CurrentViewIndex: 0
  m_TargetSnapshot: {fileID: 24500006}
--- !u!243 &24300002
AudioMixerGroupController:
  m_ObjectHideFlags: 0
  m_CorrespondingSourceObject: {fileID: 0}
  m_PrefabInstance: {fileID: 0}
  m_PrefabAsset: {fileID: 0}
  m_Name: Master
  m_AudioMixer: {fileID: 24100000}
  m_GroupID: d70ba83cc23bd1e45b7833717a9a76f1
  m_Children:
  - {fileID: 4612012185678256471}
  - {fileID: -3893004189962317106}
  m_Volume: 3f0a2d91fe0e85f4f9c2dc74c4db038b
  m_Pitch: 31b197bdd5cf05c4f828aca957e5e72c
  m_Send: 00000000000000000000000000000000
  m_Effects:
  - {fileID: 24400004}
  m_UserColorIndex: 0
  m_Mute: 0
  m_Solo: 0
  m_BypassEffects: 0
--- !u!244 &24400004
AudioMixerEffectController:
  m_ObjectHideFlags: 3
  m_CorrespondingSourceObject: {fileID: 0}
  m_PrefabInstance: {fileID: 0}
  m_PrefabAsset: {fileID: 0}
  m_Name: 
  m_EffectID: 910118177ae705d468a02b83daf8f06b
  m_EffectName: Attenuation
  m_MixLevel: a308e2757e681fa40b23a0c47b983b76
  m_Parameters: []
  m_SendTarget: {fileID: 0}
  m_EnableWetMix: 0
  m_Bypass: 0
--- !u!245 &24500006
AudioMixerSnapshotController:
  m_ObjectHideFlags: 0
  m_CorrespondingSourceObject: {fileID: 0}
  m_PrefabInstance: {fileID: 0}
  m_PrefabAsset: {fileID: 0}
  m_Name: Snapshot
  m_AudioMixer: {fileID: 24100000}
  m_SnapshotID: aafeac40b03b2fd4e82276a6e9e67755
  m_FloatValues: {}
  m_TransitionOverrides: {}
--- !u!243 &4612012185678256471
AudioMixerGroupController:
  m_ObjectHideFlags: 0
  m_CorrespondingSourceObject: {fileID: 0}
  m_PrefabInstance: {fileID: 0}
  m_PrefabAsset: {fileID: 0}
  m_Name: Music
  m_AudioMixer: {fileID: 24100000}
  m_GroupID: e3d4427e38a10e94d8efffd57c7c87b8
  m_Children: []
  m_Volume: a6bb43ace33a8c046afcad7093066ce1
  m_Pitch: a1b455a4295e0f1478d803d49da92ea2
  m_Send: 00000000000000000000000000000000
  m_Effects:
  - {fileID: -3037535303546567240}
  m_UserColorIndex: 0
  m_Mute: 0
  m_Solo: 0
  m_BypassEffects: 0
